 Dungeon Crawl Stone Soup version 0.31.0-12-g77e489cdc1 (webtiles) character file.

Game seed: 6070594418602154814

1527 nightchill the Grappler (level 8, -1/73 (79) HPs)
             Began as a Troll Shapeshifter on Feb 21, 2024.
             Slain by a wight
             ... wielding a +0 long sword of freezing
              (4 damage)
             ... on level 6 of the Dungeon.
             The game lasted 00:08:20 (5726 turns).

nightchill the Grappler (Troll Shapeshifter)        Turns: 5726, Time: 00:08:21

HP:   -1/73 (79)    AC:  4    Str: 25    XL:     8   Next: 55%
MP:   7/7           EV:  9    Int:  6    God:
Gold: 139           SH:  0    Dex:  9    Spells: 7/7 levels left

rFire   . .          .
                       - Unarmed
rCold   . . .        (no shield)
rNeg    . . .        e - +0 robe
rPois   .            (helmet currently unavailable)
rElec   .            (cloak currently unavailable)
rCorr   .            (gloves unavailable)
SInv    .            (boots unavailable)
Will    .....        (no amulet)
Stlth   +            (no ring)
HPRegen 1.12/turn    (no ring)
MPRegen 0.10/turn

%: no passive effects
@: mighty, beast-form, drained
A: beast (slay +3), large, unfitting armour, claws 3, regeneration 1, shaggy fur
1, tough skin 1
a: Begin Untransformation


You were on level 6 of the Dungeon.
You were a hulking beast.
You visited 1 branch of the dungeon, and saw 6 of its levels.
You also visited: Sewer.

You collected 139 gold pieces.

Inventory:

Missiles
 x - 13 poisoned darts (quivered)
 y - a curare-tipped dart
Armour
 a - a +0 animal skin
 e - a +0 robe (worn)
 p - a +2 cloak
Jewellery
 g - a ring of ice
Talismans
 c - a beast talisman (active)
 d - a flux talisman
Wands
 B - a wand of charming (7)
Scrolls
 f - a scroll of revelation {unknown}
 h - 3 scrolls of teleportation
 i - a scroll of fear
 j - a scroll of silence {unknown}
 k - a scroll of immolation
 m - a scroll of fog
 n - a scroll of blinking
 o - 3 scrolls of vulnerability
 r - a scroll of enchant armour
 v - 2 scrolls of poison {unknown}
Potions
 b - a potion of lignification
 q - 2 potions of invisibility
 s - 2 potions of might
 t - 2 potions of mutation {unknown}
 u - 2 potions of cancellation
 w - 2 potions of haste {unknown}
 z - 3 potions of resistance
 A - a potion of magic {unknown}
 C - a potion of curing
 D - a potion of enlightenment {unknown}


   Skills:
 + Level 4.4 Fighting
 - Level 1.5 Dodging
 * Level 8.2 Unarmed Combat
 + Level 5.7 Shapeshifting


You had 7 spell levels left.
You didn't know any spells.
Your spell library was empty.

Dungeon Overview and Level Annotations

Branches:
Dungeon (6/15)              Sewer (visited)
 Temple: D:4-7

Altars:
Qazlal
Sif Muna
Vehumet
Yredelemnul

Annotations:
D:3 exclusion: downstairs
D:5 exclusion: downstairs
D:6 Sigmund


Innate Abilities, Weirdness & Mutations

You are a hulking beast.
Your limbs bulge with bestial killing power. (Slay +3)
You are too large for most types of armour.
You have claws for hands.
Your natural rate of healing is unusually fast.
You are covered in fur. (AC +1)
You have tough skin. (AC +1)


Message History

The orc priest invokes the aid of Beogh against you.
You struggle to resist.
The iguana barely misses you. The orc hits you with a +0 war axe.
You barely miss the iguana.
The iguana bites you but does no damage.
The orc barely misses you.
You closely miss the orc. The iguana bites you. The orc misses you.
You scratch the orc priest but do no damage.
You mangle the orc priest!!
You kill the orc priest!
The orc hits you with a +0 war axe. The iguana bites you.
You scratch the orc.
The orc is heavily wounded.
The orc hits you with a +0 war axe!
The wight hits you with a +0 long sword of freezing!
You feel drained. The wight freezes you. The iguana bites you!
* * * LOW HITPOINT WARNING * * *
The orc attacks as it pursues you! The orc barely misses you.
The wight attacks as it pursues you!
The wight hits you with a +0 long sword of freezing!
* * * LOW HITPOINT WARNING * * *
You feel drained. The wight freezes you.
* * * LOW HITPOINT WARNING * * *
The iguana attacks as it pursues you! The iguana bites you!
* * * LOW HITPOINT WARNING * * *
You feel much better. The orc barely misses you. The iguana bites you!
* * * LOW HITPOINT WARNING * * *
The wight hits you with a +0 long sword of freezing.
* * * LOW HITPOINT WARNING * * *
The wight freezes you.
* * * LOW HITPOINT WARNING * * *
You feel very mighty all of a sudden. The orc hits you but does no damage.
The iguana bites you.
* * * LOW HITPOINT WARNING * * *
The wight hits you with a +0 long sword of freezing!
* * * LOW HITPOINT WARNING * * *
You feel drained.
* * * LOW HITPOINT WARNING * * *
The wight freezes you.
You die...

..#####.# ♣♣♣♣ ##.......##♣..
♣♣ .............♣♣ ~~♣
#............♣P~♣♣ ...#
#....<.......♣P.~♣. ##...#
#.......>.....[.... +....#
#..................
#....####..........<.......
##...!...#..(oh.............
##.....##..#..lz..........(..
##..$.....#.#..))..##.........
#.......#.......########......
....#.......###.# ......
................# ......
..........#.....########......
....................>....
...#.....................


You could see an iguana, a wight and an orc.

Vanquished Creatures
  Menkaure (D:5)
  Duvessa (D:5)
  A water moccasin (D:5)
  An ogre (D:5)
  2 kobold brigands (Sewer)
  A gnoll sergeant (D:3)
  A wight (D:6)
  Dowan (D:5)
  A howler monkey (D:5)
  4 bombardier beetles (D:5)
  A gnoll bouda (D:5)
  2 orc priests
  3 iguanas
  3 orc wizards
  11 gnolls
  13 adders
  7 river rats (Sewer)
  A ribbon worm (D:5)
  A dart slug (D:4)
  13 orcs
  6 bats
  4 endoplasms
  5 giant cockroaches
  7 goblins
  6 hobgoblins
  2 jackals (D:4)
  15 kobolds
  3 quokkas
  13 ball pythons
  A frilled lizard (D:1)
  26 rats
157 creatures vanquished.

Notes
Turn   | Place    | Note
-------+----------+-------------------------------------------
     0 | D:1      | nightchill the Troll Shapeshifter began the quest for the
                  | Orb.
     0 | D:1      | Reached XP level 1. HP: 18/18 MP: 0/0
   223 | D:1      | Reached skill level 1 in Fighting
   244 | D:1      | Reached XP level 2. HP: 27/27 MP: 1/1
   657 | D:2      | Reached XP level 3. HP: 31/33 MP: 2/2
  1187 | D:3      | Reached skill level 4 in Unarmed Combat
  1507 | D:3      | Found a stormy altar of Qazlal.
  1584 | D:3      | Found a shimmering blue altar of Sif Muna.
  1839 | D:3      | Reached XP level 4. HP: 39/42 MP: 3/3
  2070 | D:4      | Identified the +1 scale mail "Aprynon" {rElec Str+2}
  2563 | D:4      | Reached XP level 5. HP: 24/49 MP: 4/4
  2569 | D:4      | Found a basalt altar of Yredelemnul.
  2902 | D:3      | Reached skill level 5 in Unarmed Combat
  3220 | D:5      | Entered Level 5 of the Dungeon
  3309 | D:5      | Found a radiant altar of Vehumet.
  3374 | D:5      | Reached XP level 6. HP: 58/59 MP: 5/5
  3402 | D:5      | Found a glowing drain.
  3406 | Sewer    | Entered a sewer
  3856 | Sewer    | Reached skill level 6 in Unarmed Combat
  3856 | Sewer    | Reached XP level 7. HP: 54/67 MP: 6/6
  4306 | D:5      | Noticed Duvessa
  4319 | D:5      | Killed Duvessa
  4320 | D:5      | Noticed Dowan
  4323 | D:5      | Killed Dowan
  4464 | D:5      | Reached skill level 5 in Shapeshifting
  4537 | D:5      | Reached skill level 7 in Unarmed Combat
  4746 | D:5      | Reached XP level 8. HP: 65/78 MP: 7/7
  4769 | D:5      | Noticed Menkaure
  4779 | D:5      | Killed Menkaure
  5650 | D:6      | Noticed Sigmund
  5659 | D:5      | Reached skill level 8 in Unarmed Combat
  5726 | D:6      | HP: 3/73 [wight/+0 long sword of freezing (3)]
  5726 | D:6      | Slain by a wight

Illustrated notes

Levels and vault maps discovered:
D:1:      mushboom_english_gardens, layout_rooms, dreamdust_princess_bridge,
          nicolae_the_louvre
D:2:      layout_loops_cross, minmay_strange_pillars
D:3:      layout_basic, lemuel_blue_sif_altar, mainiacjoe_overflow_alcove_4
D:4:      layout_layer_cave, old_standard_altar, minmay_splitting_lines
D:5:      layout_basic, lemuel_doored_altar, gup_sewer_entry_spiral,
          grunt_decor_clamped, kennysheep_cluttered_room, uniq_menkaure,
          uniq_duvessa
D:6:      layout_rooms, nemelex_spade_bored_becter,
          minmay_temple_entry_junction_2, fountainhead, dk_noncrumbling_3,
          serial_bayou_crossing, uniq_sigmund

Skill      XL: |  1  2  3  4  5  6  7  8 |
---------------+-------------------------+-----
Fighting       | 1 2 3 4 |  4.4
Unarmed Combat | 4 5 6 7 8 |  8.2
Shapeshifting  | 4 5 |  5.7
Dodging        | |  1.5

Action                     |  1- 3 |  4- 6 |  7- 9 || total
---------------------------+-------+-------+-------++-------
  Melee: Unarmed           |    82 |   170 |    90 ||   342
         Punch             |       |     4 |     3 ||     7
    Use: Scroll            |     1 |     7 |     5 ||    13
         Potion            |       |     1 |     4 ||     5
 Armour: Robe              |    41 |   148 |    64 ||   253
         Skin              |       |       |     1 ||     1
  Dodge: Dodged            |    34 |    79 |    36 ||   149
   Form: Beast             |     1 |       |       ||     1
